Map: Moonlight Madness LE (Void)

Players

Danger

  • Race: Protoss Protoss
  • League: Silver

SSBMFuture - Winner!

  • Race: Protoss Protoss

VOD

Have the link to the VOD?

Description

Time

  • Played on: Oct. 10, 2015, 11:32 a.m.
  • Length: 14:05
Show
View Real Time Build Order
Export as new Build Order

Danger Protoss 

Build Orders:  

Get SALT Encoding   

  12  0:01  Probe (Chrono Boost)  
  13  0:11  Probe (Chrono Boost)  
  14  0:22  Pylon  
  14  0:26  Probe (Chrono Boost)  
  15  0:41  Probe (Chrono Boost)  
  16  0:46  Gateway  
  16  0:51  Probe (Chrono Boost)  
  16  0:52  Assimilator  
  17  1:02  Probe (Chrono Boost)  
  18  1:05  Pylon  
  18  1:13  Probe (Chrono Boost)  
  19  1:29  Gateway  
  19  1:34  Cybernetics Core  
  18  1:44  Probe (Chrono Boost)  
  19  1:51  Assimilator  
  19  1:59  Zealot  
  21  2:11  Warp Gate  
  21  2:15  Robotics Facility  
  21  2:19  Probe (Chrono Boost)  
  22  2:27  Adept (Chrono Boost)  
  24  2:30  Probe  
  25  2:42  Probe  
  26  2:54  Probe  
  27  3:03  Observer  
  28  3:09  Nexus  
  28  3:12  Pylon  
  28  3:22  Gateway  
  28  3:44  Stalker x2  
  28  3:47  Immortal  
  36  3:59  Mothership Core (Chrono Boost)  
  38  4:05  Gateway  
  38  4:23  Twilight Council  
  38  4:27  Pylon  
  38  4:31  Forge  
  38  4:47  Probe x2 (Chrono Boost)  
  40  4:53  Blink (Chrono Boost)  
  40  4:56  Probe (Chrono Boost)  
  40  4:57  Probe (Chrono Boost)  
  42  5:09  Probe  
  39  5:33  Stalker x2  
  39  5:34  Stalker  
  43  5:50  Immortal (Chrono Boost)  
  43  5:56  Probe  
  42  5:57  Gateway  
  42  5:59  Gateway x2  
  42  6:14  Protoss Ground Weapons Level 1  
  42  6:19  Stalker x2  
  42  6:20  Stalker  
  48  6:31  Robotics Bay  
  48  6:33  Probe  
  48  6:37  Assimilator  
  49  6:57  Stalker  
  49  6:58  Stalker x2  
  53  7:22  Stalker x3  
  47  8:13  Immortal (Chrono Boost)  
  47  8:19  Stalker x2  
  51  8:20  Stalker x2  
  51  8:59  Pylon  
  51  9:02  Stalker  
  53  9:14  Pylon  
  53  9:16  Protoss Ground Weapons Level 2  
  53  9:17  Pylon  
  53  9:22  Stalker  
  53  9:23  Stalker x2  
  59  9:38  Probe x2 (Chrono Boost)  
  60  9:43  Immortal (Chrono Boost)  
  65  9:49  Probe x2 (Chrono Boost)  
  67  9:56  Stalker x2  
  67  9:58  Stalker  
  67  9:59  Probe (Chrono Boost)  
  74  10:00  Probe (Chrono Boost), Pylon  
  74  10:04  Assimilator  
  75  10:09  Probe (Chrono Boost)  
  75  10:10  Probe, Pylon  
  77  10:19  Probe  
  78  10:22  Probe  
  78  10:25  Nexus  
  79  10:44  Stalker x2  
  79  10:45  Stalker x2  
  87  10:54  Pylon  
  87  11:03  Colossus (Chrono Boost)  
  93  11:13  Observer Gravitic Boosters  
  93  11:31  Robotics Facility  
  93  11:50  Colossus (Chrono Boost)  
  93  11:52  Stalker x4  
  93  11:53  Stalker  
  109  12:18  Zealot  
  109  12:19  Zealot x3  
  117  12:25  Pylon  
  117  12:32  Pylon  
  117  12:35  Pylon  
  117  12:49  Immortal (Chrono Boost)  
  121  12:57  Immortal (Chrono Boost)  
  57  13:37  Stalker x2  
  57  13:38  Stalker x3  
  57  13:39  Stalker  
Show
View Real Time Build Order
Export as new Build Order

SSBMFuture Protoss - Winner!

Build Orders:  

Get SALT Encoding   

  12  0:01  Probe (Chrono Boost)  
  13  0:15  Pylon  
  13  0:18  Probe (Chrono Boost)  
  14  0:29  Probe (Chrono Boost)  
  14  0:35  Gateway  
  15  0:39  Probe (Chrono Boost)  
  16  0:46  Assimilator  
  16  0:50  Probe (Chrono Boost)  
  16  0:53  Assimilator  
  17  1:01  Probe (Chrono Boost)  
  19  1:11  Probe (Chrono Boost)  
  19  1:17  Pylon  
  19  1:22  Cybernetics Core, Probe (Chrono Boost)  
  20  1:32  Probe (Chrono Boost)  
  21  1:44  Probe (Chrono Boost)  
  22  1:59  Mothership Core (Chrono Boost)  
  24  2:09  Warp Gate (Chrono Boost)  
  24  2:20  Nexus  
  24  2:22  Pylon  
  24  2:28  Stalker  
  26  2:42  Gateway  
  26  2:43  Probe  
  27  2:57  Probe  
  27  2:58  Stalker  
  29  3:09  Probe  
  30  3:13  Gateway  
  30  3:16  Pylon  
  30  3:24  Pylon  
  30  3:28  Stalker  
  32  3:42  Probe  
  32  3:43  Probe  
  34  3:51  Twilight Council  
  34  3:53  Probe  
  34  3:55  Gateway  
  35  3:56  Probe  
  36  4:06  Probe  
  36  4:08  Probe  
  38  4:16  Probe  
  38  4:18  Stalker  
  38  4:20  Probe  
  42  4:27  Probe  
  42  4:31  Blink (Chrono Boost)  
  43  4:32  Probe  
  43  4:37  Probe  
  44  4:40  Forge  
  45  4:46  Stalker x2  
  45  4:48  Probe  
  45  4:50  Probe  
  51  5:01  Stalker  
  51  5:02  Stalker  
  51  5:06  Assimilator  
  55  5:35  Mothership Core  
  49  5:40  Stalker  
  49  5:41  Stalker x3  
  53  6:10  Stalker  
  53  6:11  Stalker x3  
  61  6:17  Gateway  
  61  6:20  Gateway, Protoss Ground Weapons Level 1 (Chrono Boost)  
  61  6:21  Probe  
  61  6:22  Probe, Gateway  
  63  6:28  Assimilator  
  63  6:33  Probe  
  63  6:34  Probe  
  65  6:43  Templar Archives, Probe  
  65  6:46  Probe  
  67  6:54  Probe  
  68  7:09  Nexus  
  68  7:10  Pylon  
  68  7:11  Pylon  
  64  7:23  Stalker  
  64  7:24  Stalker x2  
  70  7:31  Pylon  
  70  7:34  Pylon  
  62  7:39  Stalker x3  
  62  7:40  Stalker  
  60  8:09  Stalker x3  
  60  8:10  Stalker x3  
  72  8:18  Probe  
  72  8:19  Probe x2  
  75  8:29  Probe, Protoss Ground Weapons Level 2 (Chrono Boost)  
  75  8:30  Probe  
  75  8:32  Probe  
  78  8:39  Probe  
  59  8:58  Stalker x2  
  59  8:59  Stalker  
  59  9:00  Stalker x4  
  71  9:13  Assimilator  
  71  9:14  Probe x2  
  71  9:15  Probe  
  71  9:16  Assimilator  
  74  9:20  Pylon  
  74  9:24  Probe  
  74  9:27  Probe  
  74  9:31  Stalker x4  
  84  9:59  High Templar  
  86  10:00  High Templar x2  
  86  10:02  Zealot x2  
  86  10:03  Zealot x2  
  98  10:09  Gateway  
  98  10:10  Gateway  
  98  10:13  Gateway, Charge  
  98  10:27  Adept  
  98  10:28  Adept x3  
  106  10:32  Nexus  
  106  10:33  Mothership Core  
  106  10:34  Assimilator  
  106  10:39  Assimilator  
  106  10:42  Pylon  
  108  10:45  Pylon  
  108  10:47  Adept x3  
  114  10:50  Psionic Storm  
  114  10:54  High Templar x2  
  118  11:08  Gateway  
  118  11:24  High Templar x2  
  122  11:26  Zealot  
  122  11:27  Zealot  
  122  11:28  Zealot  
  128  11:40  Pylon  
  128  11:44  Pylon  
  128  11:47  Pylon  
  128  11:58  Adept x6  
  128  11:59  Adept  
  142  12:06  High Templar x4  
  150  12:20  Zealot  
  150  12:21  Zealot x4  
  150  12:22  Zealot x2  
  164  12:44  High Templar x4  
  138  13:27  Archon x2  
  138  13:28  Archon x3  
  138  13:33  High Templar x2  
  138  13:34  High Templar x5  
  138  13:36  Zealot x4  
  144  13:50  Archon  
  144  13:51  Archon x2  
Tags
 
Add a new tag
Caveats
  • Supply blocks, unpowered buildings, or Contaminate may cause inaccurate times.
  • Supply counts are checked every 10 seconds.